AoeStats
← VIP IVORY

African Clearing

510425809Analyzed
4v4 RM · 20h ago on Oct 1, 2026· 44m 37s· 8 players
Game mode
Random Map
Map size
Large (8 player)
Population
200
Speed
Normal
Resources
Standard
Victory
Conquest
Starting age
Dark Age
Ending age
Imperial Age
RankedLock teamsTeams togetherTeam positionsShared explorationLock speedFull tech treeHidden civsTurbo modeCheats
Victory
Defeat
🇨🇳 Gurjaras · China
1361
+13
🇩🇪 Turks · Germany
1300
+16
🇺🇸 Magyars · United States
1232
+18
🇨🇦 Huns · Canada
1230
+18
🇦🇷 Mapuche · Argentina
1379
-19
🇺🇸 Vietnamese · United States
1309
-17
🇺🇸 Varangians · United States
1294
-17
🇨🇴 Hindustanis · Colombia
1170
-12
S.enpaii
13:18 Feudal Age
14:03 Double-Bit Axe
14:04 Horse Collar
14:35 Loom
21:44 Castle Age
19:56 Bloodlines
20:23 Scale Barding Armor
20:32 Gold Mining
22:36 Forging
23:33 Bow Saw
22:52 Light Cavalry
23:47 Forging
24:19 Heavy Plow
28:00 Wheelbarrow
28:08 Iron Casting
29:11 Chain Barding Armor
35:53 Imperial Age
33:53 Hand Cart
34:01 Marauders
34:16 Husbandry
35:29 Gold Shaft Mining
38:17 Plate Barding Armor
38:54 Blast Furnace
40:40 Chemistry
40:18 Elite Tarkan
Zangytangy
14:06 Feudal Age
15:31 Loom
17:39 Double-Bit Axe
22:48 Castle Age
20:41 Fletching
22:11 Bloodlines
24:30 Husbandry
24:53 Bow Saw
24:58 Bodkin Arrow
25:35 Padded Archer Armor
26:26 Horse Collar
30:41 Wheelbarrow
31:00 Thumb Ring
30:38 Light Cavalry
33:06 Pikeman
44:11 Imperial Age
41:53 Scale Mail Armor
41:58 Corvinian Army
42:31 Heavy Plow
44:12 Ballistics
MapleStory
5:35 Loom
13:54 Feudal Age
14:37 Double-Bit Axe
15:44 Horse Collar
20:04 Castle Age
18:27 Gold Mining
19:28 Bloodlines
21:37 Bow Saw
21:59 Heavy Plow
22:33 Husbandry
25:53 Wheelbarrow
25:40 Scale Barding Armor
26:43 Forging
28:09 Stone Mining
30:49 Chain Barding Armor
31:28 Hand Cart
34:52 Imperial Age
33:02 Iron Casting
33:39 Gold Shaft Mining
34:28 Town Watch
34:57 Heavy Camel Rider
35:09 Elite Shrivamsha Rider
37:46 Plate Barding Armor
37:32 Conscription
38:17 Frontier Guards
42:48 Stone Shaft Mining
lumpensammler666
10:06 Loom
13:56 Feudal Age
14:34 Town Watch
17:40 Castle Age
16:04 Double-Bit Axe
16:24 Horse Collar
16:45 Fletching
24:56 Padded Archer Armor
34:03 Wheelbarrow
34:04 Leather Archer Armor
43:50 Sanctity
chiwire
4:11 Loom
13:20 Feudal Age
15:00 Town Watch
18:04 Castle Age
16:51 Double-Bit Axe
18:30 Horse Collar
21:53 Wheelbarrow
25:11 Bow Saw
29:30 Hand Cart
33:22 Imperial Age
32:00 Scale Barding Armor
32:06 Forging
33:13 Gold Mining
34:49 Chain Barding Armor
35:04 Iron Casting
35:51 Two-Man Saw
36:04 Bloodlines
35:55 Husbandry
35:59 Stone Mining
35:53 Elite Battle Elephant
36:44 Heavy Plow
38:23 Chatras
42:37 Plate Barding Armor
VIP IVORY
12:05 Feudal Age
10:41 Loom
13:00 Feudal Age
16:32 Castle Age
14:32 Double-Bit Axe
19:11 Bow Saw
19:56 Town Watch
22:37 Gold Mining
25:40 Wheelbarrow
26:00 Wheelbarrow
25:24 Stone Mining
25:51 Horse Collar
26:53 Fletching
27:37 Bodkin Arrow
31:02 Bloodlines
30:53 Husbandry
30:18 Vendel Legacy
31:34 Scale Barding Armor
32:41 Chain Barding Armor
32:55 Hand Cart
35:55 Town Patrol
36:39 Forging
37:44 Ballistics
40:26 Imperial Age
41:29 Conscription
43:21 Two-Man Saw
42:07 Cavalier
CTM | Severo24cm
5:38 Loom
12:38 Feudal Age
18:40 Castle Age
17:10 Double-Bit Axe
18:04 Fletching
22:32 Bow Saw
23:38 Bodkin Arrow
25:19 Elite Skirmisher
26:03 Padded Archer Armor
34:01 Wheelbarrow
36:13 Horse Collar
37:48 Wheelbarrow
THE VIPER DANNY
9:36 Loom
14:11 Feudal Age
14:41 Double-Bit Axe
17:21 Wheelbarrow
20:44 Castle Age
21:39 Bow Saw
29:11 Fletching
30:18 Husbandry
35:49 Imperial Age
35:00 Horse Collar
36:20 Bloodlines
36:18 Scale Barding Armor
36:25 Forging
41:25 Chain Barding Armor
41:41 Iron Casting
42:41 Heavy Camel Rider
Connection lost

Rejoining the realm…

Still unreachable

The connection could not be restored.

Session expired

The server has moved on; the page needs a fresh start.